 Dungeon Crawl Stone Soup version 0.18-a0-74-gda9d8c9 (webtiles) character file.

10054 Duffy the Martial Artist (level 11, 0/87 HPs)
             Began as a Vampire Monk on Nov 12, 2015.
             Was an Elder of Makhleb.
             Succumbed to a water moccasin's poison
             ... on level 1 of the Lair of Beasts.
             The game lasted 00:21:07 (14969 turns).

Duffy the Martial Artist (Vampire Monk)            Turns: 14969, Time: 00:21:08

Health: 0/87       AC:  6    Str: 10    XL:     11   Next: 31%
Magic:  14/14      EV: 21    Int: 12    God:    Makhleb [****..]
Gold:   440        SH:  0    Dex: 23    Spells: 0 memorised, 10 levels left

rFire  . . .     SeeInvis +       - Unarmed
rCold  . . .     Clarity  .     H - +3 leather armour
rNeg   + . .     SustAt   .     (no shield)
rPois  .         Gourm    .     (no helmet)
rElec  .         Spirit   .     (no cloak)
rCorr  +         Warding  .     (no gloves)
rMut   .         Stasis   .     (no boots)
MR     +....                    L - amulet of resist corrosion
Stlth  +++.......               k - +2 ring of dexterity
                                (no ring)

@: lethally poisoned (0 -> -1), somewhat resistant to hostile enchantments,
fairly stealthy
A: fangs 3, see invisible, unbreathing
a: Bat Form, Minor Destruction, Lesser Servant of Makhleb, Major Destruction,
Renounce Religion


You were on level 1 of the Lair of Beasts.
You worshipped Makhleb.
Makhleb was greatly pleased with you.
You were not thirsty.

You visited 3 branches of the dungeon, and saw 12 of its levels.

You collected 539 gold pieces.
You spent 99 gold pieces at shops.


Innate Abilities, Weirdness & Mutations

You have razor-sharp teeth.
You have supernaturally acute eyesight.
You can survive without breathing.


   Skills:
 - Level 8.4 Fighting
 - Level 10.2 Dodging
 - Level 3.0 Stealth
 + Level 13.4 Unarmed Combat
 + Level 4.1 Invocations


You had 10 spell levels left.
You didn't know any spells.

Inventory:

Hand Weapons
 a - a +1 blowgun
Missiles
 b - 6 javelins of returning
 p - 18 poisoned needles
 u - 3 javelins (quivered)
 x - a throwing net
Armour
 y - a +2 buckler
 D - a +0 ring mail
 H - a +3 leather armour (worn)
Jewellery
 h - an uncursed ring of fire
 k - a +2 ring of dexterity (right hand)
 I - an uncursed ring of ice
 L - an amulet of resist corrosion (around neck)
Wands
 E - a wand of enslavement (6)
 F - a wand of random effects (22)
 S - a wand of magic darts (33)
Scrolls
 c - a scroll of recharging {unknown}
 d - 2 scrolls of blinking {unknown}
 e - 2 scrolls of remove curse
 l - 2 scrolls of enchant weapon
 o - 2 scrolls of enchant armour {unknown}
 q - 2 scrolls of teleportation {unknown}
 v - 2 scrolls of noise {unknown}
 K - a scroll of amnesia {unknown}
 O - a scroll of vulnerability {unknown}
 Q - a scroll of holy word {unknown}
 R - a scroll of fog {unknown}
 T - a scroll of fear {unknown}
Potions
 f - 3 potions of haste
 g - 2 potions of magic
 i - a potion of might
 j - 5 potions of curing
 m - a potion of ambrosia
 n - 3 potions of blood
 r - a potion of flight
 t - a potion of mutation {unknown}
 w - a potion of berserk rage {unknown}
 z - a potion of resistance {unknown}
 A - 2 potions of agility
 B - 3 potions of degeneration
 C - a potion of lignification {unknown}
 J - a potion of cancellation {unknown}
 M - 2 potions of heal wounds
 P - a potion of poison {unknown}
Books
 s - a book of Flames
 G - a book of Maledictions
 N - a book of Cantrips

Dungeon Overview and Level Annotations

Branches:
Dungeon (10/15)            Temple (1/1) D:7            Lair (1/8) D:8
    Orc: D:9-12

Altars:
Ashenzari
Cheibriados
Dithmenos
Elyvilon
Fedhas
Gozag
Kikubaaqudgha
Makhleb
Nemelex Xobeh
Okawaru
Qazlal
Ru
Sif Muna
Trog
Vehumet
Xom
Yredelemnul
Zin
The Shining One

Shops:
D:6 :   D:10 *

Annotations:
D:10 Duffy's ghost, journeyman TeMo


Message History

The yak barely misses you.
You completely miss the yak. You punch the yak, but do no damage.
The yak is lightly wounded.
You feel sick.
You punch the yak!
The yak is heavily wounded.
The yak gores you!
You punch the yak!
You kill the yak!
Makhleb accepts your kill.
You feel better.
Your Invocations skill increases to level 4!
You closely miss the yak.
You feel sick. The yak closely misses you.
You punch the yak! You punch the yak.
The yak is heavily wounded.
You punch the yak!
The yak is severely wounded.
The yak misses you.
You punch the yak!
The yak is almost dead.
You feel sick. The yak gores you.
You punch the yak!
You kill the yak!
Makhleb accepts your kill.
You feel better.
You swing at nothing.
You punch the yak! You bite the yak.
The yak is heavily wounded.
The yak gores you!
You punch the yak! Your punch misses the yak. Your bite misses the yak.
The yak is almost dead.
The yak gores you!
You barely miss the yak. You bite the yak, but do no damage.
The yak is almost dead.
You die...

#.#............
##.####.............
#.....##.......#..##
#......#......+.....
#.....##......#.....
#.....##......#...##
...##.....##......#...#
..........##......#...## ...
#@# ##...........#
...P###Y###.......#.....
##.#.#.........................
.Y.......................###..#
.............................##
.............................#
..........####.##.####.......##
..Y.....# ###..# #.....%...
#.Y...# ##.##.## #..##P....


You could see a yak.

Action                   |  1- 3 |  4- 6 |  7- 9 | 10-12 || total
-------------------------+-------+-------+-------+-------++-------
Melee: Unarmed           |    96 |    98 |   506 |   415 ||  1115
 Fire: Blowgun           |       |       |       |     5 ||     5
  Use: Potion            |       |     1 |    15 |    10 ||    26
       Scroll            |       |       |     8 |     3 ||    11
 Stab: Distracted        |     1 |       |       |       ||     1
       Sleeping          |     3 |     1 |     4 |     5 ||    13
       Invisible         |       |       |     8 |       ||     8
  Eat: Corpse            |    10 |     1 |     4 |     1 ||    16

Notes
Turn   | Place    | Note
--------------------------------------------------------------
     0 | D:1      | Duffy the Vampire Monk began the quest for the Orb.
     0 | D:1      | Reached XP level 1. HP: 17/17 MP: 1/1
    29 | D:1      | Reached skill level 5 in Unarmed Combat
    29 | D:1      | Reached XP level 2. HP: 16/23 MP: 2/2
  1015 | D:1      | Reached XP level 3. HP: 23/28 MP: 3/3
  2157 | D:3      | Noticed Natasha
  2174 | D:4      | Noticed Sigmund
  2184 | D:4      | Reached skill level 6 in Unarmed Combat
  2184 | D:4      | Reached XP level 4. HP: 21/34 MP: 4/4
  2440 | D:3      | Killed Natasha
  2590 | D:4      | Killed Sigmund
  2590 | D:4      | Reached skill level 8 in Unarmed Combat
  2590 | D:4      | Reached XP level 5. HP: 20/39 MP: 5/5
  2590 | D:4      | Reached XP level 6. HP: 23/46 MP: 6/6
  2785 | D:3      | Noticed a hippogriff
  3075 | D:4      | Noticed Menkaure
  3432 | D:4      | Noticed Grinder
  3445 | D:4      | Paralysed by Grinder for 5 turns
  3459 | D:4      | Killed Grinder
  3459 | D:4      | Reached skill level 9 in Unarmed Combat
  3459 | D:4      | Reached XP level 7. HP: 32/51 MP: 7/7
  3692 | D:4      | Reached skill level 3 in Fighting
  3822 | D:3      | Noticed Natasha
  3837 | D:3      | Found a faded altar to an unknown god.
  3838 | D:3      | Killed Natasha
  3838 | D:3      | Reached skill level 4 in Dodging
  4220 | D:3      | Noticed Natasha
  4223 | D:3      | Killed Natasha
  5669 | D:4      | Killed Menkaure
  5761 | D:5      | Entered Level 5 of the Dungeon
  5761 | D:5      | Found a stormy altar of Qazlal.
  5767 | D:5      | Reached skill level 5 in Dodging
  5767 | D:5      | Reached XP level 8. HP: 38/60 MP: 8/8
  6178 | D:5      | Reached skill level 10 in Unarmed Combat
  6326 | D:4      | Reached skill level 4 in Fighting
  7106 | D:6      | Found a bloodstained altar of Trog.
  7137 | D:6      | Reached skill level 6 in Dodging
  7140 | D:6      | Reached skill level 5 in Fighting
  7872 | D:6      | Found Faepleeh's Book Boutique.
  7893 | D:6      | Reached XP level 9. HP: 56/68 MP: 9/9
  8224 | D:6      | Reached skill level 7 in Dodging
  8317 | D:7      | Reached skill level 11 in Unarmed Combat
  8547 | D:7      | Reached skill level 6 in Fighting
  8635 | D:7      | Found a staircase to the Ecumenical Temple.
  8652 | Temple   | Entered the Ecumenical Temple
  8810 | Temple   | Became a worshipper of Makhleb the Destroyer
  8810 | Temple   | Reached * piety under Makhleb
  8810 | Temple   | Reached ** piety under Makhleb
  8857 | D:7      | Noticed Duvessa
  8857 | D:7      | Noticed Dowan
  8881 | D:7      | Killed Duvessa
  8907 | D:7      | Killed Dowan
  9405 | D:7      | Reached skill level 8 in Dodging
  9551 | D:7      | Noticed Pikel
  9813 | Temple   | Killed Pikel
  9813 | Temple   | Reached skill level 7 in Fighting
 10153 | D:7      | Reached *** piety under Makhleb
 10155 | D:7      | Reached XP level 10. HP: 79/79 MP: 10/10
 10232 | D:6      | Found an iron altar of Okawaru.
 11180 | D:8      | Reached skill level 9 in Dodging
 11406 | D:8      | Found a staircase to the Lair.
 11424 | D:8      | Reached skill level 12 in Unarmed Combat
 11835 | D:8      | Noticed Prince Ribbit
 11854 | D:8      | Killed Prince Ribbit
 12372 | D:9      | Reached **** piety under Makhleb
 12774 | D:10     | Entered Level 10 of the Dungeon
 12823 | D:10     | Noticed Duffy's ghost (journeyman TeMo)
 12842 | D:10     | Reached skill level 8 in Fighting
 13171 | D:10     | Noticed an unseen horror
 13263 | D:10     | Killed an unseen horror
 13263 | D:10     | Reached skill level 10 in Dodging
 13715 | D:10     | Found Deciut's Assorted Antiques.
 13731 | D:10     | Reached skill level 1 in Invocations
 13740 | D:10     | Bought a scroll labeled GUIHOR JARIMA for 33 gold pieces
 13740 | D:10     | Bought a scroll labeled SENIREIC HURE for 33 gold pieces
 13740 | D:10     | Bought a scroll labeled BUCOUGEEXT for 33 gold pieces
 13804 | D:10     | Noticed an unseen horror
 14011 | Lair:1   | Entered Level 1 of the Lair of Beasts
 14085 | Lair:1   | Reached skill level 2 in Invocations
 14085 | Lair:1   | Reached XP level 11. HP: 76/87 MP: 12/12
 14141 | Lair:1   | Reached skill level 13 in Unarmed Combat
 14822 | Lair:1   | Reached skill level 3 in Invocations
 14960 | Lair:1   | Reached skill level 4 in Invocations
 14969 | Lair:1   | Succumbed to a water moccasin's poison

Vault maps used:
D:1:      minmay_arrival_three_doors
D:2:      minmay_misc_feat_columns, minmay_misc_feat_chi
D:3:      ecumenical_altar_1, uniq_natasha
D:4:      first_bread, uniq_grinder, uniq_sigmund, uniq_menkaure
D:5:      basic_altar, saegor_snake_ambush
D:6:      lemuel_round_altar, serial_shops, kennysheep_mini_moat,
          trog_ov_bears_minmay
D:7:      corexii_shack_village, minmay_temple_entry_trees, uniq_duvessa,
          uniq_pikel
D:8:      minmay_lair_entry_lava, uniq_prince_ribbit1
D:10:     serial_shops, nicolae_shop_statue_plus
Temple:   kilobyte_greek_temple_18
Lair:1:   hibernation_bobbens

Vanquished Creatures
  An unseen horror Pikel
  2 spiny frogs
  A fire drake
  A troll
  A two-headed ogre Grinder
  2 blink frogs Prince Ribbit Sigmund
  2 wyverns
  8 yaks Menkaure
  2 hippogriffs
  2 water moccasins
  3 sky beasts Duvessa
  2 porcupines
  3 black bears
  2 orc warriors
  2 slaves
  2 ice beasts
  3 phantoms
  3 ogres
  4 centaurs
  2 crocodiles
  4 giant frogs
  A gnoll sergeant
  A wyvern skeleton Dowan
  A scorpion
  16 killer bees
  A water moccasin skeleton
  8 wights
  6 crimson imps
  A giant frog skeleton
  A quasit
  4 hounds
  3 jellies
  3 orc priests
  4 iguanas
  A centaur skeleton
  7 orc wizards
  Natasha (thrice)
  6 worker ants
  9 adders
  8 gnolls
  3 shadow imps
  An adder skeleton
  2 worms
  2 giant geckos
  26 orcs
  A bat
  9 giant cockroaches
  5 goblins
  9 hobgoblins
  5 jackals
  3 quokkas
  4 ball pythons
  9 giant newts
  A jackal zombie
  11 kobolds
  A quokka skeleton
  7 rats
  A fungus
  7 plants
250 creatures vanquished.
